 Dungeon Crawl Stone Soup version 0.27-a0-906-g0a00ce863d (webtiles) character file.

Game seed: 14434567219579634025

12 Alarkh the Insei (level 2, 15/22 HPs)
             Began as a Demonspawn Gladiator on Apr 6, 2021.
             Got out of the dungeon alive.
             The game lasted 00:00:50 (212 turns).

Alarkh the Insei (Demonspawn Gladiator)              Turns: 212, Time: 00:00:50

Health: 15/22      AC:  4    Str: 14    XL:     2   Next: 20%
Magic:  2/2        EV: 12    Int:  9    God:
Gold:   9          SH:  0    Dex: 14    Spells: 1/1 levels left

rFire    . . .     SeeInvis .     - Unarmed
rCold    . . .     Faith    .   (no shield)
rNeg     . . .     Spirit   .   a - +0 leather armour
rPois    .         Reflect  .   b - +0 helmet
rElec    .         Harm     .   (no cloak)
rCorr    .         Rampage  .   (no gloves)
Will     .....                  (no boots)
Stlth    +.........             (no amulet)
HPRegen  0.07/turn              (no ring)
MPRegen  0.08/turn              (no ring)

@: no status effects
A: talons 1
a: no special abilities


You escaped.
You visited 1 branch of the dungeon, and saw 1 of its levels.

You collected 9 gold pieces.

Inventory:

Missiles
 c - 3 throwing nets (quivered)
Armour
 a - a +0 leather armour (worn)
 b - a +0 helmet (worn)
Scrolls
 e - a scroll of enchant weapon {unknown}
Potions
 d - 2 potions of curing {unknown}


   Skills:
 + Level 2.3 Fighting
 - Level 1.7 Throwing
 - Level 2.6 Dodging
 * Level 3.1 Unarmed Combat


You had one spell level left.
You didn't know any spells.
Your spell library was empty.

Dungeon Overview and Level Annotations

Branches:
Dungeon (1/15)

Altars:


Innate Abilities, Weirdness & Mutations

You have sharp toenails.


Message History

You are too injured to fight recklessly!
You are too injured to fight recklessly!
You are too injured to fight recklessly!
You are too injured to fight recklessly!
You are too injured to fight recklessly!
The bat hits you but does no damage. The bat barely misses you.
The bat hits you but does no damage. The bat hits you but does no damage.
You completely miss the bat. Your kick misses the bat.
The bat hits you but does no damage. The giant cockroach bites you.
You miss the bat. The bat barely misses you.
The giant cockroach bites you but does no damage.
The bat hits you but does no damage.
There is an open door here.
The giant cockroach bites you but does no damage.
You closely miss the giant cockroach. You claw the giant cockroach.
The giant cockroach is heavily wounded.
The giant cockroach bites you but does no damage.
You hit the giant cockroach.
You kill the giant cockroach!
The bat closely misses you. The bat barely misses you.
You see here a giant cockroach corpse.
The bat hits you but does no damage. The bat barely misses you.
There is an open door here.
You hit the bat. You claw the bat.
You kill the bat!
You see here a bat corpse.
An endoplasm comes into view.
The endoplasm quivers.
The endoplasm closely misses you.
The endoplasm hits you but does no damage.
You hit the endoplasm. You claw the endoplasm.
You kill the endoplasm!
Things that are here:
a +0 club; a dart slug corpse; a goblin corpse
There is an open door here.
There is a staircase leading out of the dungeon here.
Are you sure you want to leave the Dungeon?
This will make you lose the game!
You have escaped!

#### ##..## #....#
+...@# #######..##♣♣
. .....##'#..♣♣
P.P....#..#...♣♣♣
.P.P.P.#..#.....♣♣
..P.P..#..#......♣♣
######
.P.....#..#)......♣
#.....
....P..#..#.......♣#
#.....
.P.P...............#
#.....


There were no monsters in sight!

Vanquished Creatures
  A dart slug (D:1)
  3 bats (D:1)
  An endoplasm (D:1)
  A giant cockroach (D:1)
  A quokka (D:1)
  2 goblins (D:1)
  A kobold (D:1)
  A rat (D:1)
11 creatures vanquished.

Notes
Turn   | Place    | Note
-------+----------+-------------------------------------------
     0 | D:1      | Alarkh the Demonspawn Gladiator began the quest for the
                  | Orb.
     0 | D:1      | Reached XP level 1. HP: 16/16 MP: 1/1
    62 | D:1      | Reached skill level 3 in Unarmed Combat
   136 | D:1      | Gained mutation: You have sharp toenails. [demonic
                  | ancestry]
   136 | D:1      | Reached XP level 2. HP: 17/22 MP: 2/2
   212 | D:$      | Got out of the dungeon alive.

Illustrated notes

Levels and vault maps discovered:
D:1:      sevenhm_arrival_forest_fort_large_4, layout_basic,
          chequers_ecumenical_altar_grove, corexii_leaking_fountain

Skill      XL: |  1 |
---------------+----+-----
Unarmed Combat | 3 |  3.1
Fighting       | |  2.3
Throwing       | |  1.7
Dodging        | |  2.6

Action                   || total
-------------------------++-------
Melee: Unarmed           ||    38
       Kick              ||     3
Armor: Leather armour    ||    24
Dodge: Dodged            ||    32

Table legend: (Time is in decaauts)
 A = Elapsed time spent in this place.
 B = Non-inter-level travel time spent in this place.
 C = Inter-level travel time spent in this place.
 D = Time resting spent in this place.
 E = Time spent auto-exploring this place.
 F = Levels seen in this place.
 G = Mean time per level.
                   A        B        C        D        E       F      G
               +--------+--------+--------+--------+--------+-----+--------+
         Total |    209 |    164 |     45 |      0 |     81 |   1 |  209.0 |
       Dungeon |    209 |    164 |     45 |      0 |     81 |   1 |  209.0 |
               +--------+--------+--------+--------+--------+-----+--------+

Top non-repeatable levels by time:
     D:1: 209 daAuts
